 Dungeon Crawl Stone Soup version 0.30.0-30-g96aa6591b8 (webtiles) character file.

Game seed: 14507768911672699648

67 Chiseanne the Sneak (level 4, 13/33 HPs)
             Began as an Octopode Delver on June 28, 2023.
             Quit the game on level 7 of the Dungeon.
             The game lasted 00:01:08 (160 turns).

Chiseanne the Sneak (Octopode Delver)                Turns: 160, Time: 00:01:09

Health: 13/33      AC:  1    Str: 11    XL:     4   Next: 16%
Magic:  4/4        EV: 14    Int: 12    God:
Gold:   0          SH:  0    Dex: 15    Spells: 3/3 levels left

rFire   . . .        a - +0 short sword
rCold   . . .        (no shield)
rNeg    . . .        (helmet restricted)
rPois   .            (no amulet)
rElec   .            (no ring)
rCorr   .            (no ring)
SInv    .            (no ring)
Will    .....        (no ring)
Stlth   +++++        (no ring)
HPRegen 0.25/turn    (no ring)
MPRegen 0.09/turn    (no ring)
                     (no ring)

%: no passive effects
@: no status effects
A: almost no armour, amphibious, 8 rings, camouflage 1, gelatinous body 1,
(nimble swimmer 1), tentacles
a: no special abilities


You were on level 7 of the Dungeon.
You visited 1 branch of the dungeon, and saw 3 of its levels.

Inventory:

Hand Weapons
 a - a +0 short sword (weapon)
Wands
 f - a wand of digging (3)
 h - a wand of paralysis (7)
Scrolls
 b - a scroll of fog
 c - a scroll of summoning {unknown}
 d - a scroll of fear
 g - a scroll of identify {unknown}
Potions
 e - 2 potions of haste


   Skills:
 * Level 3.7 Fighting
 - Level 2.0 Short Blades
 * Level 3.0 Dodging
 * Level 7.3 Stealth


You had 3 spell levels left.
You didn't know any spells.
Your spell library contained the following spells:

 Spells                   Type           Power      Damage    Failure   Level
 Animate Dead             Necr           0%         N/A       97%         4
 Borgnjor's Vile Clutch   Necr/Erth      0%         N/A       100%        5
 Death Channel            Necr           0%         N/A       100%        6


Dungeon Overview and Level Annotations

Branches:
Dungeon (7/15)
 Temple: D:4-7

Altars:

Shops:
D:7 *

Annotations:
D:6 Edmund


Innate Abilities, Weirdness & Mutations

You cannot wear most types of armour.
You are amphibious.
You can wear up to eight rings at the same time.
Your skin changes colour to match your surroundings (Stealth+).
Your rubbery body absorbs attacks. (AC +1, EV +1)
((You are camouflaged when in or above water. (Stealth+)))
You have tentacles for arms and can constrict up to eight enemies at once.


Message History

g - a scroll labelled LOATHE YM VESU
Found a silver wand.
An electric eel comes into view.
Found 10 gold pieces.
Found Duuxiuce's General Store.
h - a wand of paralysis (7)
There are no items here.
Found a scroll labelled QYACED NIODDU.
An orc comes into view. It is wielding a +0 flail.
An orc and an orc priest come into view.
Found 12 gold pieces.
The orc shouts! x2
The orc barely misses you.
You hear a shout!
You hit the orc but do no damage. You grab the orc.
You constrict the orc, but do no damage.
You hear a shout!
You hit the orc but do no damage.
You tentacle-slap the orc, but do no damage.
You constrict the orc. The orc closely misses you.
An orc priest comes into view. It is wielding a +0 short sword.
The orc completely misses you.
You barely miss the orc. You tentacle-slap the orc.
The orc is heavily wounded.
You constrict the orc, but do no damage.
The orc barely misses you. The orc hits you with a +0 dagger.
You completely miss the orc.
The orc is heavily wounded.
You constrict the orc.
You kill the orc!
Your Dodging skill increases to level 3!
You closely miss the orc priest. You grab the orc priest.
You squeeze the orc priest.
The orc priest is moderately wounded.
You constrict the orc priest.
The orc priest calls down the wrath of Beogh upon you.
Beogh smites you! The orc barely misses you.
An orc priest comes into view. It is wielding a +0 club.
The orc priest hits you with a +0 flail.
Okay, then.
Are you sure you want to abandon this character and quit the game? (Confirm with "yes".)

## ## o## ..##
##o.##### ...
#@o.$.... #.#
######o##.?...
#..##..........#..
#....####..####
#####.#...##.###
#...<.##........
#...........###.
#.....##.####
W.......##.#


You could see 3 orc priests and an orc.

Vanquished Creatures
  A bullfrog (D:6)
  An orc (D:7)
2 creatures vanquished.

Notes
Turn   | Place    | Note
-------+----------+-------------------------------------------
     0 | D:5      | Chiseanne the Octopode Delver began the quest for the Orb.
     0 | D:5      | Reached XP level 1. HP: 16/16 MP: 1/1
     1 | D:6      | Noticed a bullfrog
     4 | D:6      | Killed a bullfrog
     5 | D:6      | Reached skill level 7 in Stealth
     5 | D:6      | Reached XP level 2. HP: 9/22 MP: 2/2
     5 | D:6      | Reached XP level 3. HP: 11/27 MP: 3/3
     5 | D:6      | Reached XP level 4. HP: 14/33 MP: 4/4
   121 | D:6      | Noticed Edmund
   135 | D:7      | Noticed a phantom
   141 | D:7      | Found Duuxiuce's General Store.
   160 | D:7      | Chiseanne: yeah right, fuckers....
   160 | D:7      | Quit the game

Illustrated notes

Levels and vault maps discovered:
D:5:      lemuel_ratsnest, layout_loops_corners
D:6:      layout_gridville, serial_shops, nicolae_shop_tiny_waterfront,
          uniq_edmund
D:7:      layout_rooms, nicolae_overflow_crystal_walls, serial_shops,
          nicolae_shop_industrial_runoff, nicolae_wooded_promenade

Skill      XL: |  1  2  3  4 |
---------------+-------------+-----
Stealth        | 7 |  7.3
Dodging        | 3 |  3.0
Fighting       | |  3.7
Short Blades   | |  2.0

Action                     |  1- 3 |  4- 6 || total
---------------------------+-------+-------++-------
  Melee: Short sword       |     2 |     5 ||     7
         Constrict         |     1 |     2 ||     3
         Tentacles         |     1 |     1 ||     2
         Punch             |       |     2 ||     2
    Use: Scroll            |       |     1 ||     1
   Stab: Sleeping          |     1 |       ||     1
  Dodge: Dodged            |       |     5 ||     5
